 Dungeon Crawl Stone Soup version 0.32-a0-913-g739538afd8 (webtiles) character file.

Game seed: 13810115738645288640

101 ezpacito the Chopper (level 4, -1/31 HPs)
             Began as a Coglin Chaos Knight on Apr 8, 2024.
             Was a Plaything of Xom.
             Slain by Natasha the wolf (8 damage)
             ... on level 2 of the Dungeon.
             The game lasted 00:02:23 (1066 turns).

ezpacito the Chopper (Coglin Chaos Knight)          Turns: 1066, Time: 00:02:24

Health: -1/31      AC:  5    Str: 14    XL:     4   Next: 75%
Magic:  4/4        EV: 10    Int: 11    God:    Xom [......]
Gold:   33         SH:  0    Dex: 14    Spells: 4/4 levels left

rFire   . . .        a - +0 hand axe (chaos) {Ana}
rCold   . . .        i - +0 spear {Feng}
rNeg    . . .        b - +2 leather armour
rPois   .            (no helmet)
rElec   .            (no cloak)
rCorr   .            (no gloves)
SInv    .            (no boots)
Will    .....        (amulet unavailable)
Stlth   +            (ring unavailable)
HPRegen 0.25/turn    (ring unavailable)
MPRegen 0.09/turn    (no gizmo)

%: random rage (3%)
@: on berserk cooldown, hasted and slowed, revved
A: off-hand wielding, slow wielding, warmup strikes, no jewellery, berserk 1,
frail 1, mutation resistance 1
a: Invent Gizmo, Renounce Religion


You were on level 2 of the Dungeon.
You worshipped Xom.
You were a very special plaything of Xom.
You visited 1 branch of the dungeon, and saw 2 of its levels.

You collected 33 gold pieces.

Inventory:

Hand Weapons
 a - a +0 hand axe of chaos (weapon) {Ana}
 i - a +0 spear (offhand) {Feng}
Armour
 b - a +2 leather armour (worn)
Scrolls
 c - a scroll of teleportation {unknown}
 e - 2 scrolls of identify {unknown}
 g - a scroll of revelation {unknown}
Potions
 f - a potion of mutation {unknown}
 h - a potion of haste


   Skills:
 * Level 3.4 Fighting
 * Level 3.4(3.6) Axes
 * Level 1.2(2.3) Polearms
 * Level 2.5 Armour
 * Level 1.6 Dodging
 + Level 0.7 Stealth
 + Level 0.5 Spellcasting


You had 4 spell levels left.
You didn't know any spells.
Your spell library contained the following spells:

 Spells                   Type           Power      Damage    Failure   Level
 Fugue of the Fallen      Necr           0%         N/A       77%         3
 Ozocubu's Armour         Ice            0%         N/A       77%         3
 Manifold Assault         Tloc           0%         N/A       100%        7


Dungeon Overview and Level Annotations

Branches:
Dungeon (2/15)

Altars:

Annotations:
D:2 Natasha


Innate Abilities, Weirdness & Mutations

You can wield a second weapon in your off-hand.
It takes a long time for you to wield or remove held weapons.
Your first few attacks do less damage.
You cannot equip rings or amulets.
You sometimes lose your temper in combat.
You are frail. (-10% HP)
You are somewhat resistant to further mutation.


Message History

A red film seems to cover your vision as you go berserk!
You feel yourself moving faster!
You feel mighty!
You closely miss Natasha with your +0 hand axe of chaos.
You hit Natasha with your +0 spear. Natasha bites you.
You now have 22/46 hp.
You hit Natasha with your +0 hand axe of chaos.
Natasha seems to grow stronger.
Natasha is heavily wounded.
You closely miss Natasha with your +0 spear.
Natasha completely misses you.
You closely miss Natasha with your +0 spear.
Natasha is moderately wounded.
You barely miss Natasha with your +0 hand axe of chaos.
Natasha barely misses you.
You hit Natasha with your +0 spear.
Natasha is heavily wounded.
You miss Natasha with your +0 hand axe of chaos.
Natasha bites you!
* * * LOW HITPOINT WARNING * * *
Natasha bites you.
* * * LOW HITPOINT WARNING * * *
You take 12 damage, and have 10/46 hp.
MASSIVE DAMAGE!!
You are too berserk!
You swap places.
Natasha pauses to sniff the ground.
Natasha bites your ball python zombie!
Your ball python zombie is destroyed!
You feel a strong urge to attack something.
Hit: a) +0 hand axe (chaos) {Ana}
Press: ? - help, Dir - move target, f - Natasha
Aim: Natasha the wolf (heavily wounded, strong, about 56% to evade your +0 hand axe of chaos)
You reach to attack!
You barely miss Natasha with your +0 spear.
Natasha is heavily wounded.
You are no longer berserk.
You are exhausted.
You feel yourself slow down. Natasha attacks as it pursues you!
Natasha bites you!
You die...
Xom laughs nastily!

#.#...........#.#
#......
#..........#..#.#
#######
##......#......# #
#####.####..### #
#.# #..#
########.# #..#
.........# #..#
##########.####..#
#.............h@.#
##.####<##.####..#
#.#.......# ##.#
#.##.#.#..# #.#
#.##.#.#..# #.#
#.##.#.#..#####.#
#.##.#.#.....##.#
#.#....#........#
#.........#######


You could see Natasha the wolf (strong).

Vanquished Creatures
  A scorpion (D:2)
  Natasha (D:2)
  A dart slug (D:1)
  3 ball pythons
  An endoplasm (D:1)
  2 giant cockroaches (D:1)
  4 hobgoblins
  A bat (D:2)
  4 frilled lizards
  A kobold (D:1)
19 creatures vanquished.

Vanquished Creatures (others)
  A ball python zombie (D:2)
1 creature vanquished.

Grand Total: 20 creatures vanquished

Notes
Turn   | Place    | Note
-------+----------+-------------------------------------------
     0 | D:1      | ezpacito the Coglin Chaos Knight began the quest for the
                  | Orb.
     0 | D:1      | Reached XP level 1. HP: 18/18 MP: 1/1
    34 | D:1      | Reached skill level 1 in Dodging
    63 | D:1      | XOM: divination: detect creatures
   148 | D:1      | XOM: enchant monster (bad)
   152 | D:1      | Reached XP level 2. HP: 24/24 MP: 2/2
   672 | D:1      | XOM is BORED!
   672 | D:1      | XOM: give mutations
   672 | D:1      | Gained mutation: You are somewhat resistant to further
                  | mutation. [Xom's mischief]
   672 | D:1      | Gained mutation: You sometimes lose your temper in combat.
                  | [Xom's mischief]
   672 | D:1      | Gained mutation: You are frail. (-10% HP) [Xom's mischief]
   705 | D:2      | Found a faded altar of an unknown god.
   710 | D:2      | Noticed Natasha
   712 | D:2      | XOM: summons 2 hostile demons
   714 | D:2      | Killed Natasha
   715 | D:2      | Reached XP level 3. HP: 14/26 MP: 3/3
   784 | D:2      | XOM: 1-stop teleportation journey
   869 | D:2      | Noticed Sigmund
   870 | D:2      | XOM: blink monster(s)
   872 | D:2      | XOM: noise
   877 | D:2      | XOM: silly message
   881 | D:2      | Sigmund changed into Sigmund the scorpion
   881 | D:2      | Noticed Sigmund
   885 | D:2      | Killed Sigmund the scorpion
   886 | D:2      | Reached skill level 1 in Polearms
   886 | D:2      | Reached XP level 4. HP: 28/31 MP: 4/4
  1050 | D:2      | Noticed Natasha
  1050 | D:2      | Natasha changed into Natasha the wolf
  1050 | D:2      | Noticed Natasha
  1050 | D:2      | XOM: polymorph Natasha -> Natasha the wolf
  1055 | D:2      | XOM: blink monster(s)
  1066 | D:2      | Slain by Natasha the wolf

Illustrated notes

Levels and vault maps discovered:
D:1:      dpeg_arrival_round_b, layout_loops_ring,
          amcnicky_mini_corridor_feature
D:2:      layout_basic, shapermc_ecumenical_altar_gd, uniq_sigmund, uniq_natasha

Skill      XL: |  1  2  3 |
---------------+----------+-----
Dodging        | 1 |  1.6
Armour         | 2 |  2.5
Polearms       | 1 |  1.2
Fighting       | |  3.4
Axes           | |  3.4
Stealth        | |  0.7
Spellcasting   | |  0.5

Action                     |  1- 3 |  4- 6 || total
---------------------------+-------+-------++-------
  Melee: Hand axe          |    49 |    13 ||    62
         Dagger            |    31 |       ||    31
         Spear             |    28 |    14 ||    42
    Use: Potion            |     1 |     1 ||     2
         Scroll            |     1 |       ||     1
   Stab: Sleeping          |     1 |       ||     1
         Confused          |     1 |       ||     1
 Armour: Leather armour    |    38 |    13 ||    51
  Dodge: Dodged            |    29 |     9 ||    38

Table legend: (Time is in decaauts)
 A = Elapsed time spent in this place.
 B = Non-inter-level travel time spent in this place.
 C = Inter-level travel time spent in this place.
 D = Time resting spent in this place.
 E = Time spent auto-exploring this place.
 F = Levels seen in this place.
 G = Mean time per level.
                   A        B        C        D        E       F      G
               +--------+--------+--------+--------+--------+-----+--------+
         Total |   1075 |   1041 |     34 |      3 |    823 |   2 |  537.5 |
       Dungeon |   1075 |   1041 |     34 |      3 |    823 |   2 |  537.5 |
               +--------+--------+--------+--------+--------+-----+--------+

Top non-repeatable levels by time:
     D:1: 692 daAuts
     D:2: 382 daAuts
